 Dungeon Crawl Stone Soup version 0.31-a0-233-g139696dc86 (webtiles) character file.

Game seed: 6215337032364885009

143 qw the Shooter (level 5, -6/30 HPs)
             Began as a Gargoyle Hexslinger on July 8, 2023.
             Killed by divine providence
             ... invoked by an orc priest
              (14 damage)
             ... on level 4 of the Dungeon.
             The game lasted 00:01:00 (2026 turns).

qw the Shooter (Gargoyle Hexslinger)                Turns: 2026, Time: 00:01:01

Health: -6/30      AC: 11    Str: 11    XL:     5   Next: 25%
Magic:  6/6        EV: 10    Int: 14    God:
Gold:   146        SH:  0    Dex: 14    Spells: 5/6 levels left

rFire   . . .        Y - +1 sling
rCold   . . .        (no shield)
rNeg    + . .        b - +0 ring mail
rPois   inf          c - +0 helmet
rElec   +            (no cloak)
rCorr   .            (no gloves)
SInv    .            f - +0 pair of boots
Will    .....        (no amulet)
Stlth   +            (no ring)
HPRegen 0.25/turn    (no ring)
MPRegen 0.10/turn

%: no passive effects
@: no status effects
A: sickness immunity, AC +4, negative energy resistance 1, electricity
resistance, torment resistance 1, petrification resistance
a: no special abilities


You were on level 4 of the Dungeon.
You visited 1 branch of the dungeon, and saw 4 of its levels.

You collected 188 gold pieces.
You spent 42 gold pieces at shops.


Innate Abilities, Weirdness & Mutations

You are immune to sickness and miasma.
Your stone body is resilient. (AC +4)
You are immune to poison.
You resist negative energy. (rN+)
You are resistant to electric shocks. (rElec)
You are resistant to unholy torment.
You are immune to petrification.


   Skills:
 - Level 2.0 Fighting
 + Level 4.9 Ranged Weapons
 - Level 1.0 Armour
 - Level 1.5 Dodging
 - Level 1.0 Spellcasting
 - Level 2.6 Hexes


You had 5 spell levels left.
You knew the following spells:

 Your Spells              Type           Power      Damage    Failure   Level
a - Slow                  Hex            32%        N/A       21%         1

Your spell library contained the following spells:

 Spells                   Type           Power      Damage    Failure   Level
 Inner Flame              Hex/Fire       4%         N/A       71%         3
 Portal Projectile        Hex/Tloc       8%         N/A       71%         3
 Cause Fear               Hex            4%         N/A       90%         4

Inventory:

Hand Weapons
 Y - a +1 sling (weapon)
Armour
 b - a +0 ring mail (worn)
 c - a +0 helmet (worn)
 f - a +0 pair of boots (worn)
Scrolls
 a - 3 scrolls of identify
Potions
 h - 2 potions of curing

Dungeon Overview and Level Annotations

Branches:
Dungeon (4/15)
 Temple: D:4-7

Altars:

Shops:
D:1 *=?(   D:2 (


Message History

The sling bullet closely misses the quokka.
The orc shouts!
You shoot a sling bullet. The sling bullet hits the quokka.
You kill the quokka!
The orc priest invokes the aid of Beogh against you.
Beogh smites you!
You shoot a sling bullet.
The sling bullet hits the orc priest but does no damage.
An orc comes into view. It is wielding a +1 mace of draining.
You shoot a sling bullet. The orc shouts!
The sling bullet hits the orc priest but does no damage.
You hear a shout!
You shoot a sling bullet. The sling bullet hits the orc priest.
The orc priest is lightly wounded.
The orc priest hits you but does no damage.
The orc hits you but does no damage.
The orc priest hits you but does no damage.
You shoot a sling bullet.
The sling bullet completely misses the orc priest.
The sling bullet hits the orc.
The orc is heavily wounded.
The orc priest calls down the wrath of Beogh upon you.
Beogh smites you! The orc hits you but does no damage.
You shoot a sling bullet.
The sling bullet hits the orc priest but does no damage.
The orc priest is lightly wounded.
The orc priest hits you with a +0 dagger.
You shoot a sling bullet.
The sling bullet barely misses the orc priest.
The sling bullet closely misses the orc.
The orc priest casts a cantrip, but nothing happens.
The orc hits you but does no damage.
You shoot a sling bullet. The sling bullet barely misses the orc.
The orc priest hits you but does no damage.
The orc barely misses you. The orc closely misses you.
The orc hits you but does no damage.
The orc priest mumbles some strange prayers to Beogh against you.
Beogh smites you!
You die...

. .. ... .... .#...
......#####
...)..o@..########
...##.oo..#...%.[####
##.......<.......
........
##..........###.
........#
############
#.....#.# ##.......#
#........# #.........


You could see an orc priest and 2 orcs.

Vanquished Creatures
  An orc priest (D:3)
  3 adders
  2 worms
  2 dart slugs (D:1)
  7 orcs
  8 ball pythons
  7 endoplasms
  3 giant cockroaches
  3 goblins
  7 hobgoblins
  5 kobolds
  5 quokkas
  5 bats
  4 frilled lizards
  4 rats
66 creatures vanquished.

Notes
Turn   | Place    | Note
-------+----------+-------------------------------------------
     0 | D:1      | qw the Gargoyle Hexslinger began the quest for the Orb.
     0 | D:1      | Reached XP level 1. HP: 12/12 MP: 2/2
     0 | D:1      | 0 ||| qw: Version: 0.3-a-46-gb1f654a
     0 | D:1      | 0 ||| qw: Game counter: 3606
     0 | D:1      | 0 ||| qw: Melee chars always use a shield: true
     0 | D:1      | 0 ||| qw: God list: Okawaru
     0 | D:1      | 0 ||| qw: Allow faded altars: false
     0 | D:1      | 0 ||| qw: Do Orc after clearing Dungeon:15 true
     0 | D:1      | 0 ||| qw: Do second Lair branch before Depths: true
     0 | D:1      | 0 ||| qw: Lair rune preference: random
     0 | D:1      | 0 ||| qw: Goals: Normal
     0 | D:1      | 0 ||| PLANNING D:1-11
   138 | D:1      | Found Ewazaxt's Jewellery Emporium.
   144 | D:1      | Reached XP level 2. HP: 14/16 MP: 3/3
   144 | D:1      | 144 ||| FLEEEEING.
   166 | D:1      | 166 ||| SHOPLISTING ring of positive energy (240 gold, have
                  | 35).
   166 | D:1      | 166 ||| SHOPLISTING ring of protection from cold (300 gold,
                  | have 35).
   244 | D:1      | Reached skill level 3 in Ranged Weapons
   296 | D:1      | Found Hovute's General Store.
   299 | D:1      | 299 ||| SHOPLISTING +0 ring mail (56 gold, have 50).
   299 | D:1      | 299 ||| BUYING potion of curing (42 gold).
   299 | D:1      | Bought a potion of curing for 42 gold pieces
   460 | D:1      | Reached XP level 3. HP: 21/21 MP: 4/4
   468 | D:1      | Found Rigaicw's Antique Weapon Shop.
   476 | D:1      | 476 ||| SHOPLISTING fine sling (123 gold, have 10).
   476 | D:1      | 476 ||| SHOPLISTING runed shortbow (114 gold, have 10).
   543 | D:1      | Found Goaloxeahi's Magic Scroll Emporium.
   546 | D:1      | 546 ||| SHOPLISTING 2 scrolls of identify (48 gold, have
                  | 10).
   546 | D:1      | 546 ||| SHOPLISTING scroll of identify (24 gold, have 10).
   546 | D:1      | 546 ||| SHOPLISTING scroll of teleportation (36 gold, have
                  | 10).
   566 | D:1      | 566 ||| UPGRADING to +0 pair of boots.
   571 | D:1      | 571 ||| UPGRADING to +0 leather armour.
   581 | D:1      | 581 ||| DROPPING +0 robe.
   582 | D:1      | 582 ||| READING scroll labelled YCORAE YSEFONT.
   583 | D:1      | 583 ||| READING scroll labelled FYZEUXTETHI.
   584 | D:1      | 584 ||| READING scroll labelled FUSIJUTHR PAEBI.
   585 | D:1      | 585 ||| DRINKING 2 fizzy red potions.
   624 | D:1      | 624 ||| DROPPING scroll of poison.
   625 | D:1      | 625 ||| DROPPING potion of lignification.
   662 | D:2      | 662 ||| STAIRDANCE
   854 | D:2      | Found Haotas's Antique Weapon Shoppe.
   864 | D:2      | 864 ||| SHOPLISTING orcbow (101 gold, have 29).
  1371 | D:2      | Reached XP level 4. HP: 26/26 MP: 5/5
  1448 | D:2      | 1448 ||| UPGRADING to +0 ring mail.
  1458 | D:2      | 1458 ||| DROPPING +0 leather armour.
  1459 | D:2      | 1459 ||| READING scroll labelled WIRCHU QIOTWIR.
  1460 | D:2      | 1460 ||| READING scroll labelled UMMEAVVYVOAXT.
  1532 | D:3      | Reached skill level 1 in Armour
  1557 | D:3      | Reached skill level 4 in Ranged Weapons
  1568 | D:3      | You fall into a shaft and drop 1 floor!
  1580 | D:4      | 1580 ||| UPGRADING to +0 helmet.
  1585 | D:4      | 1585 ||| READING scroll labelled WEUCEAMEDU.
  1586 | D:4      | 1586 ||| DRINKING 2 red potions.
  1588 | D:4      | 1588 ||| FLEEEEING.
  1589 | D:4      | 1589 ||| FLEEEEING.
  1590 | D:4      | 1590 ||| STAIRDANCE
  1799 | D:3      | HP: 4/26 [orc priest/nerve-wracking pain (6)]
  1800 | D:3      | 1800 ||| DRINKING potion of heal wounds.
  1808 | D:3      | HP: 6/26 [orc priest/nerve-wracking pain (6)]
  1808 | D:3      | HP: 1/26 [orc priest/+0 trident (5)]
  1811 | D:3      | Reached XP level 5. HP: 2/30 MP: 6/6
  1988 | D:3      | 1988 ||| READING scroll labelled VEISUO OGYRIMU.
  2024 | D:4      | HP: 7/30 [orc priest/+0 dagger (1)]
  2026 | D:4      | Killed from afar by an orc priest

Levels and vault maps discovered:
D:1:      erik_arrival_triangle_small, layout_loops_cross, serial_shops, shop,
          shop, nicolae_shop_real_fake_doors, nicolae_shop_rolled_up
D:2:      layout_basic, serial_shops, shop, nrook_uturn
D:3:      layout_basic
D:4:      layout_rooms, minmay_temple_entry_nine_rooms, serial_rivers,
          chequers_serial_rivers_micro_b, chequers_serial_rivers_micro_d,
          chequers_serial_rivers_large_b, chequers_serial_rivers_small_3,
          chequers_serial_rivers_small_a, chequers_serial_rivers_micro_c,
          nicolae_alphabet_shops, uniq_menkaure, uniq_sigmund

Skill      XL: |  1  2  3  4 |
---------------+-------------+-----
Ranged Weapons | 3 4 |  4.9
Fighting       | 2 |  2.0
Armour         | 1 |  1.0
Dodging        | |  1.5
Spellcasting   | |  1.0
Hexes          | |  2.6

Action                     |  1- 3 |  4- 6 || total
---------------------------+-------+-------++-------
   Fire: Sling             |   147 |   114 ||   261
    Use: Scroll            |     3 |     4 ||     7
         Potion            |     1 |     2 ||     3
 Armour: Robe              |     9 |       ||     9
         Leather armour    |    26 |     1 ||    27
         Ring mail         |       |    42 ||    42
  Dodge: Dodged            |    50 |    40 ||    90

Table legend:
 A = Non-vault XP
 B = Vault XP
 C = Vault XP percentage of total XP
 D = Non-vault monster count
 E = Vault monster count
 F = Vault count percentage of total count
                 A         B        C        D         E       F
            +---------+---------+-------+---------+---------+-------
      Total |     205 |       0 |   0.0 |      66 |       0 |   0.0
            +---------+---------+-------+---------+---------+-------
        D:1 |      43 |       0 |   0.0 |      23 |       0 |   0.0
        D:2 |      44 |       0 |   0.0 |      19 |       0 |   0.0
        D:3 |     109 |       0 |   0.0 |      20 |       0 |   0.0
        D:4 |       9 |       0 |   0.0 |       4 |       0 |   0.0
            +---------+---------+-------+---------+---------+-------
